 Dungeon Crawl Stone Soup version 0.32-a0-685-g93135e86f0 (webtiles) character file.

Game seed: 15124179899444015852

2119 GloriousHammer the Spear-Bearer (level 9, 0/100 HPs)
             Began as a Coglin Artificer on Mar 12, 2024.
             Was a Follower of Fedhas.
             Succumbed to Edmund's poison
             ... on level 6 of the Dungeon.
             The game lasted 00:14:14 (6127 turns).

GloriousHammer the Spear-Bearer (Coglin Artificer)  Turns: 6127, Time: 00:14:15

Health: 0/100      AC: 24    Str: 12    XL:     9   Next: 29%
Magic:  11/11      EV:  2    Int: 11    God:    Fedhas [*.....]
Gold:   256        SH:  0    Dex: 15    Spells: 8/8 levels left

rFire   . . .        t - +0 dagger (protect) {Hugo}
rCold   . . .        p - +0 spear {Anneliese}
rNeg    . . .        y - melded +1 ring mail {Will+}
rPois   +            r - melded +0 helmet
rElec   .            H - melded scarf {repulsion}
rCorr   .            (gloves currently unavailable)
SInv    .            (boots currently unavailable)
Will    .....        (no amulet)
Stlth   ++           (no ring)
HPRegen 0.36/turn    (no ring)
MPRegen 0.12/turn    (no gizmo)

%: no passive effects
@: mighty, brilliant, lethally poisoned (0 -> -3), tree-form, on berserk
cooldown, slowed, revving, very slow
A: stationary, stasis, torment immunity, boosted hp, off-hand wielding, slow
wielding, warmup strikes, (no jewellery), sense surroundings 1, robust 1, weak 2
a: Invent Gizmo, Renounce Religion


You were on level 6 of the Dungeon.
You worshipped Fedhas.
Fedhas was aware of your devotion.
You were a tree.
You visited 2 branches of the dungeon, and saw 7 of its levels.

You collected 256 gold pieces.

Inventory:

Hand Weapons
 a - a +0 club {Ramón}
 f - a +0 dagger {Zhen}
 g - a +1 antimagic dagger {Kammani}
 j - a +0 mace {Rana}
 m - a +1 short sword of flaming {Shunnar}
 p - a +0 spear (offhand) {Anneliese}
 t - a +0 dagger of protection (weapon) {Hugo}
Missiles
 b - 8 boomerangs
 k - 4 datura-tipped darts
 n - 69 stones
 s - 4 javelins
 D - 7 poisoned darts
Armour
 r - a +0 helmet (melded)
 v - a +0 scale mail
 y - a +1 ring mail of willpower (melded)
 E - a +3 leather armour of cold resistance
 H - a scarf of repulsion (melded)
Wands
 c - a wand of flame (2) (quivered)
 d - a wand of charming (20)
 e - a wand of iceblast (3)
 z - a wand of warping (11)
 B - a wand of mindburst (15)
Scrolls
 i - 3 scrolls of noise {unknown}
 l - 5 scrolls of identify {unknown}
 w - 2 scrolls of silence {unknown}
 x - a scroll of blinking {unknown}
 A - 3 scrolls of poison {unknown}
 F - a scroll of acquirement {unknown}
 G - a scroll of enchant weapon {unknown}
 I - a scroll of vulnerability {unknown}
 J - a scroll of amnesia {unknown}
 K - a scroll of teleportation {unknown}
Potions
 h - a potion of might
 q - a potion of brilliance
 u - a potion of lignification


   Skills:
 - Level 1.7 Fighting
 * Level 8.9 Polearms
 - Level 2.2 Armour
 - Level 1.5 Dodging
 - Level 0.7 Stealth
 + Level 3.5 Invocations
 - Level 7.0 Evocations


You had 8 spell levels left.
You didn't know any spells.
Your spell library was empty.

Dungeon Overview and Level Annotations

Branches:
Dungeon (6/15)             Temple (1/1) D:5

Altars:
Dithmenos
Elyvilon
Fedhas
Okawaru
Qazlal
Trog
Uskayaw
Vehumet
Wu Jian
Zin
The Shining One

Shops:
D:2 (

Annotations:
D:3 exclusion: downstairs
D:4 1 runed translucent door


Innate Abilities, Weirdness & Mutations

You are a tree.
Your roots penetrate the ground, keeping you stationary.
You cannot be teleported.
You are immune to unholy pain and torment.
Your maximum health is greatly increased.
Your equipment is partially melded.
You can wield a second weapon in your off-hand.
It takes a long time for you to wield or remove held weapons.
Your first few attacks do less damage.
((You cannot equip rings or amulets.))
You passively map a small area around you.
You are robust. (+10% HP)
You are very weak. (Str -4)


Message History

Edmund the Younger comes into view.
He is wielding a +1 flail of venom.
Edmund shouts!
Aiming: Mindburst
Press: ? - help, Shift-Dir - straight line, f - Edmund
Aim: Edmund, wielding a +1 flail of venom and wearing a +0 scale mail (chance to affect: 85%) Edmund's mind is blasted!!
Edmund barely misses you.
You hit Edmund with your +0 dagger of protection.
Your weapon exudes an aura of protection.
Edmund is severely wounded.
You barely miss Edmund with your +0 spear.
You hit Edmund but do no damage.
Edmund is severely wounded.
You hit Edmund but do no damage. Edmund closely misses you.
You completely miss Edmund with your +0 dagger of protection.
Edmund is severely wounded.
You hit Edmund but do no damage.
Edmund hits you with a +1 flail of venom.
You are poisoned.
You hit Edmund but do no damage.
Edmund is severely wounded.
You barely miss Edmund with your +0 spear.
You feel sick.
Edmund hits you with a +1 flail of venom.
You are more poisoned.
You closely miss Edmund with your +0 dagger of protection.
Edmund is severely wounded.
You hit Edmund but do no damage.
You feel sick. Edmund closely misses you.
You hit Edmund with your +0 dagger of protection.
Edmund is almost dead.
You barely miss Edmund with your +0 spear.
You feel sick. Edmund hits you but does no damage.
You are more poisoned.
You barely miss Edmund with your +0 spear.
Edmund is almost dead.
You hit Edmund but do no damage.
You feel very sick.
You barely miss Edmund with your +0 spear.
Edmund is almost dead.
You hit Edmund but do no damage.
You feel very sick.
Edmund hits you with a +1 flail of venom!
You hit Edmund but do no damage.
Edmund is almost dead.
You hit Edmund but do no damage.
You feel very sick.
Edmund says, "A flail is better than a scythe, any day of the week!"
Edmund hits you with a +1 flail of venom!
You are lethally poisoned!
Aiming: Mindburst
Press: ? - help, Shift-Dir - straight line, f/p - Edmund
Aim: Edmund, wielding a +1 flail of venom and wearing a +0 scale mail (almost dead, chance to affect: 85%) Edmund's mind is blasted!
You blow up Edmund!
Fedhas appreciates your contribution to the ecosystem.
* * * LOW HITPOINT WARNING * * *
You feel extremely sick.
It was a potion of might.
You feel very mighty all of a sudden.
* * * LOW HITPOINT WARNING * * *
You feel very sick.
It was a potion of brilliance.
You feel clever all of a sudden.
* * * LOW HITPOINT WARNING * * *
You feel very sick.
It was a potion of lignification.
You turn into a tree.
Your scarf of repulsion melds into your body.
Your +0 helmet melds into your body.
Your +1 ring mail of willpower melds into your body.
The haze of the repulsion field disappears.
You feel less strong-willed.
Your roots penetrate the ground.
* * * LOW HITPOINT WARNING * * *
You feel very sick.
It was a potion of berserk rage.
A red film seems to cover your vision as you go berserk!
You feel yourself moving faster!
You feel mighty!
* * * LOW HITPOINT WARNING * * *
You feel sick.
Unknown command.
You are too berserk!
You feel a strong urge to attack something.
* * * LOW HITPOINT WARNING * * *
You feel sick.
Unknown command.
* * * LOW HITPOINT WARNING * * *
You feel sick.
Unknown command.
You feel your anger nearly subside.
* * * LOW HITPOINT WARNING * * *
You feel sick.
Unknown command.
You are no longer berserk.
You are exhausted.
You feel yourself slow down.
* * * LOW HITPOINT WARNING * * *
You feel sick.
It was a potion of mutation.
You feel extremely strange.
You feel weaker. x2; You feel robust.
You feel a strange attunement to the structure of the dungeons.
You die...
Fedhas appreciates your contribution to the ecosystem.

...#.....#.#.######
...#.......#.#
.........#.#.#
##.##.....)#.#
.#.....#.#.#
.#.......#.#
#.##..#.#.# *##
##.#.......#.#####.#
...#.##.####....♣).#
#................#.#
...............#.# #
...###.##.##.#.#.#
.................#
**
...###.##.##...#.#
...# #. #.######.#
.#.# #. #.# #.# .#
###. #.# #.#


There were no monsters in sight!

Vanquished Creatures
  Pikel (D:4)
  A wraith (D:5)
  Edmund (D:6)
  A water moccasin (D:5)
  2 black bears
  A sky beast (D:6)
  3 ogres
  A lemure (D:4)
  Blork the orc (D:4)
  2 bullfrogs (D:6)
  2 scorpions
  2 bombardier beetles
  2 hounds
  A jelly (D:5)
  An iguana (D:5)
  2 orc wizards
  Robin (D:4)
  2 gnolls (D:5)
  3 adders
  A river rat (D:4)
  3 ribbon worms
  A dart slug (D:4)
  The ghost of Esekla the Sneak, a weakling VSDe (D:4)
  9 orcs
  2 ball pythons (D:1)
  5 bats
  8 endoplasms
  3 giant cockroaches
  15 goblins
  10 hobgoblins
  6 quokkas
  6 frilled lizards
  3 kobolds
  7 rats
110 creatures vanquished.

Vanquished Creatures (collateral kills)
  A gnoll bouda (D:5)
1 creature vanquished.

Vanquished Creatures (others)
  A sleepcap (D:5)
  An orc wizard (D:4)
  A gnoll (D:5)
  An adder (D:5)
4 creatures vanquished.

Grand Total: 115 creatures vanquished

Notes
Turn   | Place    | Note
-------+----------+-------------------------------------------
     0 | D:1      | GloriousHammer the Coglin Artificer began the quest for the
                  | Orb.
     0 | D:1      | Reached XP level 1. HP: 15/15 MP: 1/1
    54 | D:1      | Reached skill level 1 in Dodging
   228 | D:1      | Reached XP level 2. HP: 18/21 MP: 0/2
   379 | D:1      | You fall into a shaft and drop 1 floor!
   575 | D:1      | Reached XP level 3. HP: 26/26 MP: 1/3
  1259 | D:2      | Found Petifa's Antique Weapon Shoppe.
  1913 | D:3      | Reached skill level 1 in Polearms
  2010 | D:3      | Found a glowing golden altar of the Shining One.
  2022 | D:3      | Reached XP level 4. HP: 31/33 MP: 4/4
  2068 | D:3      | Found a white marble altar of Elyvilon.
  2089 | D:3      | Found a faded altar of an unknown god.
  2435 | D:4      | Reached skill level 2 in Polearms
  2435 | D:4      | Reached skill level 5 in Evocations
  2703 | D:4      | Noticed Robin
  2705 | D:4      | Reached XP level 5. HP: 38/38 MP: 5/5
  2720 | D:4      | Killed Robin
  2738 | D:4      | Found a runed translucent door.
  2740 | D:4      | Noticed Esekla's ghost (weakling VSDe)
  2834 | D:4      | Found a runed translucent door.
  2835 | D:4      | Noticed Blork the orc
  2848 | D:4      | Killed Blork the orc
  2849 | D:4      | Reached skill level 3 in Polearms
  2885 | D:4      | Reached XP level 6. HP: 16/44 MP: 6/6
  3235 | D:4      | Noticed Pikel
  3246 | D:4      | Killed Pikel
  3247 | D:4      | Reached skill level 5 in Polearms
  3247 | D:4      | Reached XP level 7. HP: 33/49 MP: 7/7
  3258 | D:4      | Reached skill level 6 in Polearms
  3266 | D:4      | Reached XP level 8. HP: 36/55 MP: 8/8
  3443 | D:4      | Found a blossoming altar of Fedhas.
  3667 | D:4      | Killed Esekla's ghost
  3774 | D:4      | Became a worshipper of Fedhas Madash
  3814 | D:5      | Entered Level 5 of the Dungeon
  4053 | D:5      | Reached skill level 1 in Invocations
  4180 | D:5      | Noticed a wraith
  4229 | D:5      | Killed a wraith
  4230 | D:5      | Reached skill level 7 in Polearms
  4566 | D:5      | Found a staircase to the Ecumenical Temple.
  4576 | Temple   | Entered the Ecumenical Temple
  5066 | D:5      | Reached skill level 8 in Polearms
  5674 | D:6      | Reached XP level 9. HP: 39/61 MP: 11/11
  5823 | D:6      | Found an iron altar of Okawaru.
  5879 | D:6      | Reached * piety under Fedhas
  6107 | D:6      | Noticed Edmund
  6118 | D:6      | Killed Edmund
  6123 | D:6      | HP: 5/136 [poisoned by Edmund]
  6126 | D:6      | HP: 1/91 [poisoned by Edmund]
  6127 | D:6      | Gained mutation: You are weak. (Str -2) [potion of
                  | mutation]
  6127 | D:6      | Gained mutation: You are very weak. (Str -4) [potion of
                  | mutation]
  6127 | D:6      | Gained mutation: You are robust. (+10% HP) [potion of
                  | mutation]
  6127 | D:6      | Gained mutation: You passively map a small area around you.
                  | [potion of mutation]
  6127 | D:6      | Succumbed to Edmund's poison

Illustrated notes

Levels and vault maps discovered:
D:1:      lightli_arrival_farm, layout_basic
D:2:      layout_loops_ring, serial_shops, shop
D:3:      layout_rooms, lemuel_crystal_altar,
          mainiacjoe_overflow_small_starburst, chequers_ecumenical_altar_island
D:4:      layout_rooms, lemuel_tele_altar, ebering_ghost_sewer_f,
          amcnicky_mini_corridor_feature, uniq_robin, uniq_blork_the_orc,
          uniq_pikel
D:5:      layout_basic, minmay_temple_entry_arrows, serial_corexii_hall,
          chequers_hall_statues_wall_a, corexii_hall_statues_x,
          corexii_hall_statues_s, corexii_hall_statues_t, nicolae_hexahallways
D:6:      layout_basic, nemelex_altar_shiori,
          hellmonk_okawaru_the_only_friend_you_need, uniq_maggie, uniq_edmund
Temple:   nicolae_temple_ecumenical_triangle

Skill      XL: |  1  2  3  4  5  6  7  8 |
---------------+-------------------------+-----
Dodging        | 1 |  1.5
Armour         | 2 |  2.2
Polearms       | 1 2 3 5 6 8 |  8.9
Evocations     | 5 6 7 |  7.0
Invocations    | 3 |  3.5
Fighting       | |  1.7
Stealth        | |  0.7

Action                     |  1- 3 |  4- 6 |  7- 9 || total
---------------------------+-------+-------+-------++-------
  Melee: Club              |    29 |       |       ||    29
         Dagger            |    88 |   104 |   313 ||   505
         Mace              |    17 |       |       ||    17
         Spear             |    36 |   121 |   346 ||   503
         Short sword       |     8 |       |       ||     8
  Evoke: Wand              |       |    12 |    10 ||    22
    Use: Potion            |       |       |     5 ||     5
   Stab: Sleeping          |     2 |       |       ||     2
         Distracted        |     1 |       |       ||     1
 Armour: Leather armour    |    29 |       |       ||    29
         Ring mail         |    20 |    45 |   189 ||   254
         Scale mail        |     8 |    34 |       ||    42
  Dodge: Dodged            |    40 |    53 |   161 ||   254

Table legend: (Time is in decaauts)
 A = Elapsed time spent in this place.
 B = Non-inter-level travel time spent in this place.
 C = Inter-level travel time spent in this place.
 D = Time resting spent in this place.
 E = Time spent auto-exploring this place.
 F = Levels seen in this place.
 G = Mean time per level.
                   A        B        C        D        E       F      G
               +--------+--------+--------+--------+--------+-----+--------+
         Total |   6134 |   5735 |    399 |   1336 |   2879 |   7 |  876.3 |
       Dungeon |   6126 |   5727 |    399 |   1336 |   2879 |   6 | 1021.0 |
        Temple |      7 |      7 |      0 |      0 |      0 |   1 |    7.0 |
               +--------+--------+--------+--------+--------+-----+--------+

Top non-repeatable levels by time:
     D:5: 1740 daAuts
     D:4: 1332 daAuts
     D:2: 901 daAuts
     D:1: 867 daAuts
     D:3: 746 daAuts
     D:6: 538 daAuts
  Temple: 7 daAuts
